 Dungeon Crawl Stone Soup version 0.29-a0-789-g7a8fcbc185 (webtiles) character file.

Game seed: 10738814641001560722

18 SirFunk the Chopper (level 2, -1/27 HPs)
             Began as a Minotaur Berserker on July 2, 2022.
             Was a Follower of Trog.
             Slain by a gnoll
             ... wielding a +0 club
              (4 damage)
             ... on level 1 of the Dungeon.
             The game lasted 00:00:50 (376 turns).

SirFunk the Chopper (Minotaur Berserker)             Turns: 376, Time: 00:00:52

Health: -1/27      AC:  2    Str: 21    XL:     2   Next: 48%
Magic:  1/1        EV:  9    Int:  4    God:    Trog [*.....]
Gold:   10         SH:  0    Dex:  9    Spells: 1/1 levels left

rFire   . . .      SeeInvis .   a - +0 hand axe
rCold   . . .      Faith    .   (no shield)
rNeg    . . .      Spirit   .   b - +0 animal skin
rPois   .          Reflect  .   (helmet restricted)
rElec   .          Harm     .   (no cloak)
rCorr   .          Rampage  .   (no gloves)
Will    .....                   (no boots)
Stlth   +.........              (no amulet)
HPRegen 0.09/turn               (no ring)
MPRegen 0.07/turn               (no ring)

@: constricted
A: horns 2, retaliatory headbutt
a: Renounce Religion, Berserk


You were on level 1 of the Dungeon.
You worshipped Trog.
Trog was aware of your devotion.
You visited 1 branch of the dungeon, and saw 1 of its levels.

You collected 10 gold pieces.

Inventory:

Hand Weapons
 a - a +0 hand axe (weapon)
Armour
 b - a +0 animal skin (worn)
Scrolls
 c - a scroll of noise {unknown}


   Skills:
 + Level 4.0 Fighting
 * Level 4.2 Axes
 - Level 2.5 Armour
 - Level 2.3 Dodging


You had one spell level left.
You didn't know any spells.
Your spell library was empty.

Dungeon Overview and Level Annotations

Branches:
Dungeon (1/15)

Altars:


Innate Abilities, Weirdness & Mutations

You have a pair of horns on your head.
You reflexively headbutt those who attack you in melee.


Message History

There are monsters nearby!
A gnoll comes into view. It is wielding a +0 club.
The gnoll shouts!
The hobgoblin shouts!
There is an open door here.
The hobgoblin barely misses you.
You hit the gnoll but do no damage. Your headbutt misses the gnoll.
You hit the hobgoblin.
You kill the hobgoblin!
Trog accepts your kill.
You completely miss the ball python. The gnoll misses you.
You furiously retaliate!
You headbutt the gnoll. The ball python closely misses you.
The ball python barely misses you.
Your Fighting skill increases to level 4!
You hit the gnoll but do no damage.
The gnoll is lightly wounded.
You hit the ball python. The ball python bites you.
The ball python barely misses you. The gnoll hits you with a +0 club!
The ball python bites you. The ball python barely misses you.
You hit the ball python but do no damage.
The ball python is severely wounded.
You hit the gnoll. The gnoll hits you with a +0 club.
The ball python barely misses you. The ball python grabs you.
The ball python constricts you.
You are too injured to fight recklessly!
You are too injured to fight recklessly!
You are too injured to fight recklessly!
You are too injured to fight recklessly!
Unknown command.
You are too injured to fight recklessly!
You are too injured to fight recklessly!
You are too injured to fight recklessly!
Unknown command.
You closely miss the ball python.
The ball python is severely wounded.
You hit the gnoll but do no damage. The gnoll hits you with a +0 club.
* * * LOW HITPOINT WARNING * * *
The ball python bites you.
* * * LOW HITPOINT WARNING * * *
The ball python constricts you. The gnoll hits you with a +0 club.
You die...

..<..###........†'.#
##.### ##.####.)#.###
#.# #.# #.#.#.).# .##
##.#.##.###)# .# #.#
#.#.#.############ #
#.#.##.##.....#........
#.#
#.#.#.#.......######
#.####..#...##.#..#
#...
......S@'...##....#
#.##
#.####g####.#####.# # #
#.# ###.......# ## #.#
#...####### ..
#.#####>.....#########
..# #.##.#.##.#.....#
..# #.......#.#)....#
#+ #######.........#
#...#†....#


You could see a gnoll and a ball python.

Vanquished Creatures
  An endoplasm (D:1)
  2 giant cockroaches (D:1)
  3 goblins (D:1)
  3 hobgoblins (D:1)
  2 kobolds (D:1)
  A quokka (D:1)
  A bat (D:1)
  A rat (D:1)
14 creatures vanquished.

Notes
Turn   | Place    | Note
-------+----------+-------------------------------------------
     0 | D:1      | SirFunk the Minotaur Berserker began the quest for the Orb.
     0 | D:1      | Reached XP level 1. HP: 19/19 MP: 0/0
    46 | D:1      | Reached XP level 2. HP: 15/27 MP: 1/1
   376 | D:1      | Slain by a gnoll

Illustrated notes

Levels and vault maps discovered:
D:1:      roderic_octagonal_star, layout_loops_cross,
          shapermc_ecumenical_altar_hornbeckon

Skill      XL: |  1  2 |
---------------+-------+-----
Axes           | 4 |  4.2
Fighting       | 4 |  4.0
Armour         | |  2.5
Dodging        | |  2.3

Action                   || total
-------------------------++-------
Melee: Hand axe          ||    30
       Headbutt          ||     2
Armor: Animal skin       ||     6
Dodge: Dodged            ||    25

Table legend: (Time is in decaauts)
 A = Elapsed time spent in this place.
 B = Non-inter-level travel time spent in this place.
 C = Inter-level travel time spent in this place.
 D = Time resting spent in this place.
 E = Time spent auto-exploring this place.
 F = Levels seen in this place.
 G = Mean time per level.
                   A        B        C        D        E       F      G
               +--------+--------+--------+--------+--------+-----+--------+
         Total |    378 |    378 |      0 |     97 |    220 |   1 |  378.0 |
       Dungeon |    378 |    378 |      0 |     97 |    220 |   1 |  378.0 |
               +--------+--------+--------+--------+--------+-----+--------+

Top non-repeatable levels by time:
     D:1: 378 daAuts
